 Dungeon Crawl Stone Soup version 0.27.0-1-g7a089689b8 (webtiles) character file.

Game seed: 2862990443387162126

235 trckry the Skirmisher (level 6, -1/62 HPs)
             Began as an Ogre Warper on Aug 11, 2021.
             Was a Believer of Cheibriados.
             Slain by an orc (4 damage)
             ... on level 3 of the Dungeon.
             The game lasted 00:06:59 (4139 turns).

trckry the Skirmisher (Ogre Warper)                 Turns: 4139, Time: 00:07:00

Health: -1/62      AC:  3    Str: 22    XL:     6   Next: 6%
Magic:  11/11      EV: 10    Int: 20    God:    Cheibriados [**....]
Gold:   202        SH:  0    Dex: 13    Spells: 11/11 levels left

rFire    + . .     SeeInvis .   j - +1 whip (elec)
rCold    . . .     Faith    .   (no shield)
rNeg     . . .     Spirit   .   b - +0 robe
rPois    .         Reflect  .   (helmet restricted)
rElec    .         Harm     .   (no cloak)
rCorr    .         Rampage  .   (gloves unavailable)
Will     .....                  (boots unavailable)
Stlth    +.........             (no amulet)
HPRegen  0.20/turn              f - ring of protection from fire
MPRegen  0.12/turn              (no ring)

@: brilliant, very slow
A: large, unfitting armour, tough skin 1
a: Renounce Religion, Bend Time


You were on level 3 of the Dungeon.
You worshipped Cheibriados.
Cheibriados was pleased with you.
You visited 1 branch of the dungeon, and saw 3 of its levels.

You collected 202 gold pieces.

Inventory:

Hand Weapons
 j - a +1 whip of electrocution (weapon)
Missiles
 h - 16 poisoned darts (quivered)
Armour
 b - a +0 robe (worn)
Jewellery
 f - a ring of protection from fire (left hand)
Scrolls
 c - a scroll of blinking
 e - a scroll of fog {unknown}
 g - a scroll of fear {unknown}
 i - a scroll of teleportation {unknown}
 k - a scroll of holy word {unknown}
 l - a scroll of vulnerability {unknown}
Potions
 a - a potion of brilliance
 d - a potion of might {unknown}
 m - a potion of degeneration {unknown}
 n - a potion of lignification {unknown}


   Skills:
 + Level 3.9 Fighting
 * Level 3.2 Maces & Flails
 + Level 2.3 Throwing
 - Level 2.1 Dodging
 + Level 3.3 Spellcasting
 * Level 3.8 Translocations


You had 11 spell levels left.
You didn't know any spells.
Your spell library contained the following spells:

 Spells                   Type           Power      Damage    Failure   Level
 Blink                    Tloc           N/A        N/A       4%          2
 Gell's Gravitas          Tloc           14%        N/A       9%          3
 Lesser Beckoning         Tloc           14%        N/A       9%          3
 Teleport Other           Tloc           28%        N/A       9%          3
 Passwall                 Tmut/Erth      4%         N/A       21%         2
 Swiftness                Air            5%         N/A       38%         3
 Manifold Assault         Tloc           28%        N/A       61%         5
 Invisibility             Hex            2%         N/A       100%        6


Dungeon Overview and Level Annotations

Branches:
Dungeon (3/15)

Altars:
Cheibriados
Sif Muna

Shops:
D:1 =


Innate Abilities, Weirdness & Mutations

You are too large for most types of armour.
You have tough skin. (AC +1)


Message History

The orc is almost dead.
The orc hits you with a +0 hand axe! Something hits you.
You take 9 damage, and have 24/62 hp.
You hit the orc.
You kill the orc!
Cheibriados appreciates the change of pace.
Something hits you but does no damage.
You hit the orc.
The orc is severely wounded.
Something hits you. The orc hits you with a +0 flail.
* * * LOW HITPOINT WARNING * * *
You hit the orc.
The orc is almost dead.
Something hits you but does no damage. The orc hits you with a +0 flail.
* * * LOW HITPOINT WARNING * * *
You closely miss the orc.
The orc is almost dead.
Something hits you but does no damage. The orc hits you with a +0 flail.
* * * LOW HITPOINT WARNING * * *
You barely miss the orc.
The orc is almost dead.
You hear some strange, mumbled words.
A puff of flame appears from out of thin air!
The puff of flame hits you. You resist.
* * * LOW HITPOINT WARNING * * *
The orc hits you with a +0 flail.
* * * LOW HITPOINT WARNING * * *
You closely miss the orc.
The orc is almost dead.
Something hits you but does no damage.
You hit the orc. Lightning courses through the orc!
You kill the orc!
Cheibriados appreciates the change of pace.
You take 22 damage, and have 2/62 hp.
MASSIVE DAMAGE!!
It was a potion of brilliance.
You feel clever all of a sudden.
You hear some strange, mumbled words.
Something tries to affect you, but you resist.
The orc hits you with a +0 flail.
You die...

#.# ####.# #....####
#.# #.######.#.# #.#
#........#.# ##.##
##########.# ####...#
#.# .......#
############.#
####...#
#............#
########
########{############
....... ......o@.#
####### ##########


You could see an orc.

Vanquished Creatures
  A wyvern zombie (D:3)
  Jessica (D:3)
  2 iguanas
  3 adders
  2 worms
  A dart slug (D:1)
  6 orcs (D:3)
  6 endoplasms
  2 giant cockroaches
  3 goblins
  3 hobgoblins
  3 jackals (D:3)
  4 quokkas
  6 ball pythons
  6 bats
  4 frilled lizards
  3 kobolds
  4 rats
60 creatures vanquished.

Notes
Turn   | Place    | Note
-------+----------+-------------------------------------------
     0 | D:1      | trckry the Ogre Warper began the quest for the Orb.
     0 | D:1      | Reached XP level 1. HP: 22/22 MP: 3/3
   320 | D:1      | Found Boggeco's Jewellery Shop.
   344 | D:1      | Reached XP level 2. HP: 29/29 MP: 5/5
  1000 | D:2      | Reached XP level 3. HP: 17/37 MP: 7/7
  1201 | D:2      | HP: 5/37 [worm (7)]
  1819 | D:2      | Found a faded altar of an unknown god.
  1853 | D:2      | Reached XP level 4. HP: 43/45 MP: 8/8
  1868 | D:2      | Became a worshipper of Cheibriados the Contemplative
  1868 | D:2      | Reached * piety under Cheibriados
  2173 | D:2      | Found a snail-covered altar of Cheibriados.
  3176 | D:3      | Found a shimmering blue altar of Sif Muna.
  3445 | D:3      | Noticed Jessica
  3462 | D:3      | Killed Jessica
  3463 | D:3      | Reached XP level 5. HP: 34/53 MP: 9/9
  3488 | D:3      | Reached ** piety under Cheibriados
  3887 | D:3      | Reached XP level 6. HP: 61/62 MP: 10/10
  4135 | D:3      | HP: 7/62 [orc (6)]
  4136 | D:3      | HP: 2/62 [orc (3)]
  4139 | D:3      | Slain by an orc

Illustrated notes

Levels and vault maps discovered:
D:1:      evilmike_arrival_hilbert_curve, layout_rooms, serial_shops, shop
D:2:      layout_basic, basic_altar, shapermc_ecumenical_altar_ellora,
          minmay_shallow_snake_nest
D:3:      layout_loops_ring, mainiacjoe_overflow_catwalk, grunt_ministairs_15,
          uniq_jessica

Skill      XL: |  1  2  3  4  5 |
---------------+----------------+-----
Maces & Flails | 2 3 |  3.2
Translocations | 3 |  3.8
Fighting       | 3 |  3.9
Spellcasting   | 3 |  3.3
Throwing       | 2 |  2.3
Dodging        | |  2.1

Action                   |  1- 3 |  4- 6 || total
-------------------------+-------+-------++-------
Melee: Mace              |    91 |    68 ||   159
       Whip              |       |    51 ||    51
Throw: Dart              |       |     6 ||     6
       Boomerang         |       |     5 ||     5
  Use: Potion            |       |     1 ||     1
Armor: Robe              |    35 |    25 ||    60
Dodge: Dodged            |    48 |    68 ||   116
